 Dungeon Crawl Stone Soup version 0.27-a0-1525-g1038ab4fd7 (webtiles) character file.

Game seed: 11751053567128522935

37 meriones the Cudgeller (level 3, -8/33 HPs)
             Began as a Minotaur Berserker on July 10, 2021.
             Was a Follower of Trog.
             Killed by nerve-wracking pain
             ... invoked by Jessica
              (9 damage)
             ... on level 2 of the Dungeon.
             The game lasted 00:05:16 (1948 turns).

meriones the Cudgeller (Minotaur Berserker)         Turns: 1948, Time: 00:05:16

Health: -8/33      AC:  6    Str: 21    XL:     3   Next: 21%
Magic:  2/2        EV: 10    Int:  4    God:    Trog [*.....]
Gold:   19         SH:  0    Dex: 10    Spells: 2/2 levels left

rFire    . . .     SeeInvis .   a - +0 mace
rCold    . . .     Faith    .   (no shield)
rNeg     . . .     Spirit   .   j - +0 scale mail
rPois    .         Reflect  .   (helmet restricted)
rElec    .         Harm     .   (no cloak)
rCorr    .         Rampage  .   (no gloves)
Will     .....                  (no boots)
Stlth    ..........             (no amulet)
HPRegen  0.11/turn              (no ring)
MPRegen  0.08/turn              (no ring)

@: flying
A: horns 2, retaliatory headbutt
a: Renounce Religion, Berserk


You were on level 2 of the Dungeon.
You worshipped Trog.
Trog was aware of your devotion.
You visited 1 branch of the dungeon, and saw 2 of its levels.

You collected 19 gold pieces.

Inventory:

Hand Weapons
 a - a +0 mace (weapon)
Missiles
 d - 3 javelins (quivered)
 f - 34 sling bullets
 i - 20 bolts
Armour
 e - a +0 leather armour
 j - a +0 scale mail (worn)
Scrolls
 g - 2 scrolls of identify {unknown}
 h - a scroll of teleportation {unknown}
Potions
 b - 2 potions of flight


   Skills:
 + Level 4.1 Fighting
 + Level 4.4 Maces & Flails
 + Level 3.0 Armour
 + Level 2.3 Dodging


You had 2 spell levels left.
You didn't know any spells.
Your spell library was empty.

Dungeon Overview and Level Annotations

Branches:
Dungeon (2/15)

Altars:

Annotations:
D:2 Jessica


Innate Abilities, Weirdness & Mutations

You have a pair of horns on your head.
You reflexively headbutt those who attack you in melee.


Message History

You start removing your armour.
You continue taking off your +0 leather armour. x4
You finish taking off your +0 leather armour.
You start putting on your armour.
You continue putting on your +0 scale mail. x5
You finish putting on your +0 scale mail.
Drop what? 10/52 slots (_ for help) (? for menu, Esc to quit)
You drop a +0 ring mail.
Unknown command.
Okay, then.
Jessica the Apprentice Sorceress comes into view.
She is wielding a +0 club.
Jessica shouts!
A hobgoblin comes into view.
The hobgoblin shouts!
Found 15 gold pieces and 14 arrows.
Found a stone staircase leading down.
Jessica gestures wildly while chanting.
Jessica blinks!
There are no items here.
Jessica drinks a potion.
Jessica seems to grow stronger.
The hobgoblin hits you. Jessica hits you with a +0 club.
You hit the hobgoblin. You headbutt the hobgoblin.
You kill the hobgoblin!
Trog accepts your kill. Jessica hits you with a +0 club!
Jessica hits you with a +0 club! Jessica hits you with a +0 club.
* * * LOW HITPOINT WARNING * * *
Found a scroll labelled NUBEQOV XYUPS.
Jessica hits you with a +0 club!
* * * LOW HITPOINT WARNING * * *
Jessica points at you and mumbles some strange words.
You resist with some effort.
It was a potion of flight.
You feel very buoyant.
You fly up into the air.
Jessica mumbles some strange words.
Jessica blinks!
Jessica gestures at you while chanting. Pain shoots through your body!
You die...

#[.......♣..#
########....#
...........#
##########.# ###
#.# .... #.#
.....###### #.#
......?...#######.#
......@....@......#
..........#########
#.........#
...$....>.#
#.........#
?.....(...#
.....###### .....


You could see Jessica (strong).

Vanquished Creatures
  An adder (D:2)
  A dart slug (D:1)
  A bat (D:1)
  4 endoplasms (D:1)
  A giant cockroach (D:1)
  2 goblins (D:1)
  5 hobgoblins
  A quokka (D:1)
  A ball python (D:1)
  A frilled lizard (D:1)
  3 kobolds (D:1)
  2 rats (D:1)
23 creatures vanquished.

Notes
Turn   | Place    | Note
-------+----------+-------------------------------------------
     0 | D:1      | meriones the Minotaur Berserker began the quest for the
                  | Orb.
     0 | D:1      | Reached XP level 1. HP: 19/19 MP: 0/0
   370 | D:1      | Reached XP level 2. HP: 26/27 MP: 1/1
  1558 | D:2      | Reached XP level 3. HP: 12/33 MP: 2/2
  1932 | D:2      | Noticed Jessica
  1942 | D:2      | HP: 1/33 [Jessica (7)]
  1948 | D:2      | Killed from afar by Jessica

Illustrated notes

Levels and vault maps discovered:
D:1:      dpeg_arrival_stone_temple_mockup, layout_basic, minmay_pentomino_u2
D:2:      layout_basic, basic_altar, hangedman_feature_mirror,
          interstate_on_off, roderic_serpentine_path, uniq_jessica

Skill      XL: |  1  2 |
---------------+-------+-----
Maces & Flails | 4 |  4.4
Fighting       | 4 |  4.1
Armour         | 3 |  3.0
Dodging        | |  2.3

Action                   || total
-------------------------++-------
Melee: Mace              ||    42
       Headbutt          ||     1
  Use: Potion            ||     1
Armor: Ring mail         ||     6
       Leather armour    ||    10
Dodge: Dodged            ||    25

Table legend: (Time is in decaauts)
 A = Elapsed time spent in this place.
 B = Non-inter-level travel time spent in this place.
 C = Inter-level travel time spent in this place.
 D = Time resting spent in this place.
 E = Time spent auto-exploring this place.
 F = Levels seen in this place.
 G = Mean time per level.
                   A        B        C        D        E       F      G
               +--------+--------+--------+--------+--------+-----+--------+
         Total |   1955 |   1929 |     26 |    543 |    847 |   2 |  977.5 |
       Dungeon |   1955 |   1929 |     26 |    543 |    847 |   2 |  977.5 |
               +--------+--------+--------+--------+--------+-----+--------+

Top non-repeatable levels by time:
     D:1: 1552 daAuts
     D:2: 403 daAuts
